 Dungeon Crawl Stone Soup version 0.31.0-9-g3a7656b989 (webtiles) character file.

Game seed: 14547334916086039697

805 qw the Skirmisher (level 7, -6/40 HPs)
             Began as a Deep Elf Hunter on Feb 2, 2024.
             Mangled by Pikel
             ... wielding a +1 whip of freezing
              (8 damage)
             ... on level 5 of the Dungeon.
             The game lasted 00:00:17 (4068 turns).

qw the Skirmisher (Deep Elf Hunter)                 Turns: 4068, Time: 00:00:18

Health: -6/40      AC: 11    Str: 13    XL:     7   Next: 60%
Magic:  9/9        EV: 11    Int: 14    God:
Gold:   250        SH:  0    Dex: 18    Spells: 6/6 levels left

rFire   . . .        a - +2 shortbow (flame)
rCold   + . .        (shield currently unavailable)
rNeg    . . .        l - +0 scale mail
rPois   +            (no helmet)
rElec   .            n - +1 cloak
rCorr   .            f - +2 pair of gloves {Str+3}
SInv    .            (no boots)
Will    .....        d - amulet of faith
Stlth   +            b - ring of poison resistance
HPRegen 0.26/turn    h - ring of protection from cold
MPRegen 0.11/turn

%: faith
@: no status effects
A: no striking features
a: no special abilities


You were on level 5 of the Dungeon.
You visited 1 branch of the dungeon, and saw 5 of its levels.

You collected 250 gold pieces.


   Skills:
 - Level 2.5 Fighting
 + Level 10.8 Ranged Weapons
 - Level 1.7 Armour
 - Level 4.2 Dodging
 - Level 1.2 Stealth


You had 6 spell levels left.
You didn't know any spells.
Your spell library was empty.

Inventory:

Hand Weapons
 a - a +2 shortbow of flaming (weapon)
Armour
 e - a +0 ring mail
 f - a +2 pair of gloves of strength (worn)
 j - a +3 scale mail of willpower
 l - a +0 scale mail (worn)
 n - a +1 cloak (worn)
Jewellery
 b - a ring of poison resistance (left hand)
 d - an amulet of faith (around neck)
 g - an amulet of regeneration
 h - a ring of protection from cold (right hand)
 i - a ring of fire
 Y - a ring of positive energy
Wands
 c - a wand of iceblast (9)
Potions
 o - 2 potions of enlightenment
 p - a potion of magic {unknown}

Dungeon Overview and Level Annotations

Branches:
Dungeon (5/15)
 Temple: D:4-7

Altars:
Dithmenos

Annotations:
D:5 Dowan, Pikel


Message History

The arrow hits Duvessa but does no damage.
Duvessa is almost dead.
Duvessa hits you with a +0 rapier.
You shoot an arrow.
The arrow hits Duvessa but does no damage.
Duvessa is almost dead.
Duvessa hits you with a +0 rapier.
You shoot an arrow.
The arrow hits Duvessa but does no damage.
Duvessa is almost dead.
Pikel, Merchant of Souls comes into view.
He is wielding a +1 whip of freezing.
Duvessa closely misses you.
You shoot an arrow.
The arrow hits Duvessa but does no damage.
Duvessa is almost dead.
Duvessa hits you but does no damage.
You shoot an arrow. The arrow closely misses Duvessa.
The arrow hits the lemure!
The arrow burns the lemure.
The lemure is heavily wounded.
Duvessa hits you with a +0 rapier! Duvessa hits you with a +0 rapier.
You shoot an arrow. The arrow barely misses Duvessa.
The arrow barely misses the lemure.
Duvessa hits you with a +0 rapier.
You shoot an arrow.
The arrow hits Duvessa but does no damage.
Duvessa is almost dead.
Duvessa closely misses you.
You shoot an arrow. The arrow hits Duvessa!
The arrow burns Duvessa.
You kill Duvessa!
You hear a distant wail of despair.
You shoot an arrow. The arrow completely misses the lemure.
You shoot an arrow.
The arrow hits Pikel but does no damage.
You shoot an arrow.
The arrow hits Pikel but does no damage.
Pikel hits you with a +1 whip of freezing.
You shoot an arrow. The arrow closely misses Pikel.
The arrow misses the lemure.
Pikel hits you with a +1 whip of freezing!
You die...
Pikel says, "See you in Hell!"

... ..# #)# #)# #.##
#.5## # ##55# ######
##K# #..... #@## #.####
#..# # # ##.##
###..#### #..#
#........ ##.#
#...####. ########.###
#........
...........###..######.
...............######..
........)..............


You could see Pikel and 3 lemures.

Vanquished Creatures
  Edmund (D:5)
  Duvessa (D:5)
  A water moccasin (D:5)
  An ogre (D:5)
  A lemure (D:5)
  A scorpion (D:5)
  A howler monkey (D:4)
  A hound (D:5)
  2 orc priests
  2 orc wizards (D:5)
  3 gnolls (D:5)
  4 adders
  A dart slug (D:2)
  A ribbon worm (D:3)
  9 orcs
  6 endoplasms
  5 giant cockroaches
  3 hobgoblins
  7 jackals
  3 quokkas
  9 ball pythons
  4 bats
  2 frilled lizards
  5 goblins
  8 kobolds
  20 rats
102 creatures vanquished.

Notes
Turn   | Place    | Note
-------+----------+-------------------------------------------
     0 | D:1      | qw the Deep Elf Hunter began the quest for the Orb.
     0 | D:1      | Reached XP level 1. HP: 12/12 MP: 3/3
     0 | D:1      | 0 ||| qw: Version: 0.3-a-155-g5e7d8dd
     0 | D:1      | 0 ||| qw: Game counter: 1577
     0 | D:1      | 0 ||| qw: Melee chars always use a shield: true
     0 | D:1      | 0 ||| qw: God list: Okawaru
     0 | D:1      | 0 ||| qw: Allow faded altars: false
     0 | D:1      | 0 ||| qw: Do Orc after clearing Dungeon:15 true
     0 | D:1      | 0 ||| qw: Do second Lair branch before Depths: true
     0 | D:1      | 0 ||| qw: Lair rune preference: random
     0 | D:1      | 0 ||| qw: Goals: Normal
     0 | D:1      | 0 ||| PLANNING D:1-11
   243 | D:1      | Found a faded altar of an unknown god.
   447 | D:1      | Reached skill level 6 in Ranged Weapons
   447 | D:1      | Reached XP level 2. HP: 16/16 MP: 4/4
   848 | D:1      | 848 ||| UPGRADING to +0 scale mail.
   858 | D:1      | 858 ||| DROPPING +0 leather armour.
   859 | D:1      | 859 ||| UPGRADING to amulet of regeneration.
   864 | D:1      | 864 ||| UPGRADING to ring of positive energy.
   865 | D:1      | 865 ||| UPGRADING to ring of protection from cold.
   866 | D:1      | 866 ||| READING scroll labelled QICSAHEDIL.
   869 | D:1      | 869 ||| READING scroll labelled FECRURI TOREIGO.
   869 | D:1      | 869 ||| ENCHANTING +0 shortbow.
   870 | D:1      | 870 ||| READING scroll labelled PIMODO UCIAGIRCHUC.
   871 | D:1      | 871 ||| DROPPING scroll of butterflies.
  1145 | D:2      | Reached XP level 3. HP: 20/20 MP: 5/5
  1521 | D:2      | 1521 ||| UPGRADING to +0 cloak.
  1526 | D:2      | 1526 ||| UPGRADING to amulet of faith.
  1536 | D:2      | 1536 ||| UPGRADING to ring of poison resistance.
  1538 | D:2      | 1538 ||| READING scroll labelled JAGUID MINOH.
  1538 | D:2      | 1538 ||| BRANDING +1 shortbow.
  1539 | D:2      | 1539 ||| READING scroll labelled HAUSALO TAHAKUSCHYO.
  1540 | D:2      | 1540 ||| DRINKING 2 dark potions.
  1586 | D:3      | 1586 ||| STAIRDANCE
  1590 | D:2      | Reached skill level 7 in Ranged Weapons
  1600 | D:3      | 1600 ||| STAIRDANCE
  1715 | D:3      | Reached XP level 4. HP: 25/25 MP: 6/6
  1798 | D:3      | Found a shadowy altar of Dithmenos.
  2071 | D:3      | 2071 ||| READING 2 scrolls labelled UNLOQO YXUMOTE.
  2072 | D:3      | 2072 ||| READING scroll labelled GOOMIC HE YGA.
  2072 | D:3      | 2072 ||| IDENTIFYING smoky inky potion
  2073 | D:3      | 2073 ||| READING scroll labelled YNORAG ENOHUHI.
  2074 | D:3      | 2074 ||| DROPPING scroll of poison.
  2075 | D:3      | 2075 ||| DROPPING potion of brilliance.
  2349 | D:4      | Reached skill level 8 in Ranged Weapons
  2401 | D:4      | Reached XP level 5. HP: 29/29 MP: 7/7
  2607 | D:4      | 2607 ||| READING scroll of enchant weapon.
  2607 | D:4      | 2607 ||| ENCHANTING +1 shortbow of flaming.
  3126 | D:4      | 3126 ||| UPGRADING to +2 pair of gloves of strength.
  3131 | D:4      | 3131 ||| READING 2 scrolls labelled ATETHO PEGAI.
  3232 | D:4      | 3232 ||| DRINKING 3 green potions.
  3233 | D:4      | 3233 ||| DROPPING scroll of vulnerability.
  3257 | D:5      | Entered Level 5 of the Dungeon
  3262 | D:5      | Reached skill level 1 in Armour
  3278 | D:5      | Reached skill level 9 in Ranged Weapons
  3278 | D:5      | Reached XP level 6. HP: 34/34 MP: 8/8
  3465 | D:5      | HP: 5/36 [something/magic dart (6)]
  3472 | D:5      | HP: 2/36 [something/puff of flame (5)]
  3475 | D:5      | 3475 ||| DRINKING grey potion.
  3670 | D:5      | Noticed a water moccasin
  3677 | D:5      | Killed a water moccasin
  3678 | D:5      | Reached skill level 10 in Ranged Weapons
  3678 | D:5      | Reached XP level 7. HP: 19/40 MP: 9/9
  3681 | D:5      | HP: 9/40 [poisoned by a kobold]
  3682 | D:5      | 3682 ||| READING scroll of teleportation.
  3682 | D:5      | HP: 4/40 [kobold brigand/+0 club (2)]
  3683 | D:5      | 3683 ||| DRINKING 2 potions of heal wounds.
  3688 | D:5      | HP: 10/40 [poisoned by a kobold]
  3745 | D:5      | 3745 ||| FLEEEEING.
  3746 | D:5      | 3746 ||| STAIRDANCE
  3808 | D:4      | 3808 ||| READING scroll labelled BUETZUPPECS.
  3808 | D:4      | 3808 ||| ENCHANTING +0 cloak.
  3873 | D:5      | 3873 ||| FLEEEEING.
  3874 | D:5      | 3874 ||| FLEEEEING.
  3875 | D:5      | 3875 ||| DRINKING inky potion.
  3905 | D:5      | Noticed Edmund
  3927 | D:5      | Killed Edmund
  4032 | D:5      | Noticed Duvessa
  4040 | D:5      | Noticed Dowan
  4042 | D:5      | 4042 ||| FLEEEEING.
  4050 | D:5      | 4050 ||| RETREEEEATING.
  4051 | D:5      | 4051 ||| RETREEEEATING.
  4052 | D:5      | 4052 ||| FLEEEEING.
  4053 | D:5      | HP: 9/40 [Duvessa/+0 rapier (4)]
  4054 | D:5      | 4054 ||| DRINKING potion of heal wounds.
  4059 | D:5      | Noticed Pikel
  4061 | D:5      | HP: 9/40 [Duvessa/+0 rapier (2)]
  4062 | D:5      | HP: 4/40 [Duvessa/+0 rapier (5)]
  4064 | D:5      | Killed Duvessa
  4067 | D:5      | HP: 2/40 [Pikel/+1 whip of freezing (4)]
  4068 | D:5      | Mangled by Pikel

Levels and vault maps discovered:
D:1:      lemuel_arrival_cross, layout_basic, hellmonk_ecumenical_altar_zigzags,
          hangedman_decor_riveting
D:2:      layout_basic
D:3:      layout_rooms, grunt_dithmenos_smoke_and_mirrors
D:4:      layout_layer_cave, minmay_rat_hole
D:5:      layout_rooms, nicolae_hexahallways, uniq_pikel, uniq_duvessa,
          uniq_edmund

Skill      XL: |  1  2  3  4  5  6  7 |
---------------+----------------------+-----
Ranged Weapons | 6 7 8 9 10 | 10.8
Armour         | 1 |  1.7
Fighting       | 2 |  2.5
Dodging        | 4 |  4.2
Stealth        | |  1.2

Action                     |  1- 3 |  4- 6 |  7- 9 || total
---------------------------+-------+-------+-------++-------
   Fire: Shortbow          |   106 |   142 |    79 ||   327
    Use: Scroll            |     5 |     5 |     2 ||    12
         Potion            |     1 |     2 |     3 ||     6
 Armour: Leather armour    |     3 |       |       ||     3
         Scale mail        |    60 |    80 |    52 ||   192
  Dodge: Dodged            |    33 |    39 |    28 ||   100

Table legend:
 A = Non-vault XP
 B = Vault XP
 C = Vault XP percentage of total XP
 D = Non-vault monster count
 E = Vault monster count
 F = Vault count percentage of total count
                 A         B        C        D         E       F
            +---------+---------+-------+---------+---------+-------
      Total |     820 |     331 |  28.8 |      80 |      21 |  20.8
            +---------+---------+-------+---------+---------+-------
        D:1 |      18 |       0 |   0.0 |      12 |       0 |   0.0
        D:2 |      51 |       0 |   0.0 |      16 |       0 |   0.0
        D:3 |      53 |       0 |   0.0 |      22 |       0 |   0.0
        D:4 |     114 |      20 |  14.9 |      11 |      19 |  63.3
        D:5 |     584 |     311 |  34.7 |      19 |       2 |   9.5
            +---------+---------+-------+---------+---------+-------
